 Dungeon Crawl Stone Soup version 0.21.1-1-g345015f (webtiles) character file.

2975 senseless the Cleaver (level 9, -1/80 HPs)
             Began as a Hill Orc Fighter on July 19, 2018.
             Was a Follower of Beogh.
             Slain by a two-headed ogre
             ... wielding a +0 giant club
              (12 damage)
             ... on level 8 of the Dungeon on July 24, 2018.
             The game lasted 00:33:20 (6343 turns).

senseless the Cleaver (Hill Orc Fighter)            Turns: 6343, Time: 00:33:20

Health: -1/80      AC: 14    Str: 23    XL:     9   Next: 82%
Magic:  9/9        EV:  9    Int: 10    God:    Beogh [*.....]
Gold:   430        SH:  5    Dex: 13    Spells: 8/8 levels left

rFire    + . .     SeeInvis .   a - +0 war axe
rCold    . . .     Gourm    .   y - +0 buckler of Uskayaw's Hatred {Dex+3}
rNeg     . . .     Faith    .   u - +2 chain mail {rF+}
rPois    .         Spirit   .   m - +1 helmet
rElec    .         Reflect  .   (no cloak)
rCorr    .         Harm     .   (no gloves)
MR       .....                  (no boots)
Stlth    ..........             (no amulet)
HPRegen  0.23/turn              s - ring of flight
MPRegen  0.11/turn              p - +3 ring of strength

@: no status effects
A: no striking features
a: Renounce Religion, Evoke Flight


You were on level 8 of the Dungeon.
You worshipped Beogh.
Beogh was aware of your devotion.
You were not hungry.

You visited 1 branch of the dungeon, and saw 8 of its levels.
You also visited: Sewer.

You collected 430 gold pieces.

Inventory:

Hand Weapons
 a - a +0 war axe (weapon)
 H - a +2 spear of freezing
 I - a +0 morningstar of protection
 J - a +2 mace of crushing
Armour
 b - a +0 scale mail
 c - a +0 shield
 d - a +0 helmet
 m - a +1 helmet (worn)
 u - a +2 chain mail of fire resistance (worn)
 w - a +2 leather armour of fire resistance
 x - a +0 ring mail
 y - the +0 buckler of Uskayaw's Hatred (worn) {Dex+3}
   (You found it in a sewer)

   It affects your dexterity (+3).
 B - a +0 buckler
 C - a +0 hat
 K - a +2 leather armour of cold resistance
Jewellery
 h - an uncursed ring of see invisible
 k - a +2 ring of dexterity
 n - an uncursed ring of teleportation
 p - a +3 ring of strength (right hand)
 r - an uncursed amulet of harm
 s - a ring of flight (left hand)
 t - an uncursed ring of poison resistance
 L - an uncursed ring of protection from magic
Wands
 q - a wand of acid (7)
Scrolls
 e - 4 scrolls of teleportation
 g - a scroll of enchant armour
 j - 4 scrolls of amnesia
 l - 3 scrolls of blinking
 v - a scroll of identify
Potions
 i - 5 potions of brilliance
 o - a potion of magic {unknown}
 z - 6 potions of flight
 A - a potion of agility
 E - a potion of berserk rage {unknown}
 F - 3 potions of mutation {unknown}
 G - a potion of might
Comestibles
 f - 15 rations
 D - a chunk of flesh


   Skills:
 + Level 7.7 Fighting
 + Level 11.2 Axes
 + Level 7.1 Armour
 + Level 2.1 Dodging
 + Level 0.2 Stealth
 + Level 6.7 Shields
 + Level 0.8 Evocations


You had 8 spell levels left.
You didn't know any spells.

Dungeon Overview and Level Annotations

Branches:
Dungeon (8/15)             Temple (0/1) D:5
   Lair: D:8-11

Altars:
Cheibriados
Dithmenos
Elyvilon
Hepliaklqana
Makhleb
Okawaru
Uskayaw
Wu Jian
Xom
The Shining One

Shops:
D:4 [


Message History

The two-headed ogre hits you with a giant spiked club!
You hit the two-headed ogre.
The two-headed ogre is lightly wounded.
Your chain mail prevents you from hitting the two-headed ogre.
The two-headed ogre is lightly wounded.
The two-headed ogre hits you with a giant club!!
The two-headed ogre barely misses you.
You slash the two-headed ogre!
The two-headed ogre is lightly wounded.
The two-headed ogre closely misses you.
The two-headed ogre hits you with a giant spiked club!
You are too injured to fight recklessly!
You hit the two-headed ogre but do no damage.
The two-headed ogre is lightly wounded.
You slash the two-headed ogre!
The two-headed ogre is moderately wounded.
The two-headed ogre hits you with a giant club!!
* * * LOW HITPOINT WARNING * * *
The two-headed ogre hits you with a giant spiked club!
You die...

##.# #. ##.# ..#
#. ...####.# #.
..$....<### #.
..###...>.# #.
##.# #..O..# #.
#.. #.....# #. #O#
#.....# #. #@#
#.....# #. #.#
######### #. #.#
#.......# ##
#.####.#####.#
#.........##.#####
######.##.#......#
#.......# #.#
#.##.#..###.#
#.##.#.......


You could see a two-headed ogre.

Vanquished Creatures
  Pikel (D:8)
  A hornet (D:7)
  Prince Ribbit (D:6)
  Eustachio (D:4)
  Duvessa (D:7)
  A phantom (D:4)
  2 sky beasts
  2 slaves (D:8)
  3 ogres
  4 bullfrogs
  A water moccasin zombie (D:7)
  Dowan (D:7)
  A howler monkey (D:5)
  A centaur zombie (D:7)
  A bullfrog zombie (D:5)
  2 crimson imps
  A bullfrog skeleton (D:4)
  2 hounds
  3 orc wizards
  3 iron imps (D:5)
  Natasha (thrice) (D:2)
  3 worker ants
  3 killer bee zombies
  A hound zombie (D:8)
  2 hound skeletons
  2 worker ant zombies
  7 adders
  6 oozes (Sewer)
  2 adder skeletons (D:4)
  9 worms
  2 dart slugs
  8 leopard geckos
  19 orcs
  12 giant cockroaches
  13 goblins
  5 hobgoblins
  12 jackals
  3 quokkas
  2 ball pythons
  18 bats
  7 frilled lizards
  A jackal zombie (D:5)
  4 kobolds
  2 leopard gecko skeletons
  8 rats
187 creatures vanquished.

Vanquished Creatures (others)
  A slave (D:8)
1 creature vanquished.

Grand Total: 188 creatures vanquished

Notes
Turn   | Place    | Note
-------+----------+-------------------------------------------
     0 | D:1      | senseless the Hill Orc Fighter began the quest for the Orb.
     0 | D:1      | Reached XP level 1. HP: 19/19 MP: 1/1
    45 | D:1      | Reached skill level 3 in Axes
    45 | D:1      | Reached XP level 2. HP: 23/27 MP: 2/2
   487 | D:2      | Reached XP level 3. HP: 33/33 MP: 3/3
   491 | D:2      | Found an iron altar of Okawaru.
   690 | D:2      | Noticed Natasha
   693 | D:2      | Killed Natasha
   693 | D:2      | Reached skill level 4 in Axes
   693 | D:2      | Reached XP level 4. HP: 39/40 MP: 4/4
   822 | D:2      | Noticed Natasha
   827 | D:2      | Killed Natasha
   891 | D:2      | Noticed Natasha
   898 | D:2      | Killed Natasha
   898 | D:2      | Reached skill level 5 in Axes
   898 | D:2      | Reached XP level 5. HP: 32/46 MP: 5/5
  1351 | D:3      | Found a shadowy altar of Dithmenos.
  1781 | D:3      | Reached XP level 6. HP: 50/52 MP: 6/6
  1896 | D:3      | Reached skill level 6 in Axes
  1911 | D:3      | Reached skill level 1 in Dodging
  2129 | D:4      | Noticed Eustachio
  2147 | D:4      | Killed Eustachio
  2159 | D:4      | Reached XP level 7. HP: 25/60 MP: 7/7
  2464 | D:4      | Reached skill level 7 in Axes
  2506 | D:4      | Found Xularet's Antique Armour Boutique.
  2651 | D:4      | Found a glowing golden altar of the Shining One.
  2651 | D:4      | Found a shimmering altar of Xom.
  2697 | D:4      | Reached skill level 5 in Shields
  2963 | D:5      | Entered Level 5 of the Dungeon
  2983 | D:5      | Found an ornate altar of the Wu Jian Council.
  2983 | D:5      | Found a white marble altar of Elyvilon.
  3014 | D:5      | Reached skill level 8 in Axes
  3047 | D:5      | Found a burning altar of Makhleb.
  3066 | D:5      | Reached skill level 5 in Fighting
  3167 | D:5      | Reached XP level 8. HP: 68/68 MP: 8/8
  3192 | D:5      | Reached skill level 5 in Armour
  3225 | D:5      | Found a staircase to the Ecumenical Temple.
  3595 | D:6      | Found a glowing drain.
  3612 | Sewer    | Entered a sewer
  4102 | Sewer    | Reached skill level 9 in Axes
  4116 | Sewer    | Got a faintly humming buckler
  4142 | Sewer    | Identified the cursed +0 buckler of Uskayaw's Hatred {Dex+3} (You found it in a sewer)
  4310 | D:6      | Noticed Prince Ribbit
  4389 | D:6      | Killed Prince Ribbit
  4751 | D:6      | Reached skill level 10 in Axes
  5027 | D:7      | Became a worshipper of Beogh the Brigand
  5064 | D:7      | Reached XP level 9. HP: 72/75 MP: 9/9
  5130 | D:7      | Noticed Duvessa
  5131 | D:7      | Noticed Dowan
  5141 | D:7      | Killed Dowan
  5162 | D:7      | Killed Duvessa
  5292 | D:7      | Found a snail-covered altar of Cheibriados.
  5315 | D:7      | Noticed a hornet
  5316 | D:7      | Paralysed by a hornet for 2 turns
  5330 | D:7      | Killed a hornet
  5754 | D:7      | Found a hide-covered altar of Uskayaw.
  5779 | D:7      | Found a snail-covered altar of Cheibriados.
  5823 | D:7      | Found a hazy altar of Hepliaklqana.
  5956 | D:8      | Noticed a two-headed ogre
  6089 | D:8      | Reached * piety under Beogh
  6231 | D:8      | Noticed Pikel
  6272 | D:8      | Killed Pikel
  6272 | D:8      | Reached skill level 11 in Axes
  6343 | D:8      | Slain by a two-headed ogre

Skill      XL: |  1  2  3  4  5  6  7  8  9 |
---------------+----------------------------+-----
Axes           | 3 4 5 6 8 10 11 | 11.2
Armour         | 4 5 7 |  7.1
Shields        | 4 5 6 |  6.7
Fighting       | 4 5 6 7 |  7.7
Dodging        | 1 2 |  2.1
Stealth        | |  0.2
Evocations     | |  0.8

Action                   |  1- 3 |  4- 6 |  7- 9 || total
-------------------------+-------+-------+-------++-------
Melee: War axe           |   113 |   192 |   468 ||   773
Invok: Convert to Beogh  |       |       |     1 ||     1
 Abil: Evoke Flight      |       |       |     3 ||     3
  Use: Scroll            |       |     7 |    10 ||    17
       Potion            |       |     6 |     2 ||     8
  Eat: Chunk             |       |     5 |     8 ||    13
       Ration            |       |       |     2 ||     2
Armor: Scale mail        |    74 |    73 |       ||   147
       Chain mail        |       |    17 |   221 ||   238
Dodge: Dodged            |    40 |    69 |   103 ||   212
Block: Shield            |    59 |   105 |   121 ||   285
       Buckler           |       |       |    46 ||    46
